 Dungeon Crawl Stone Soup version 0.28.0-53-g5a82cb258f (webtiles) character file.

Game seed: 9193420773249870223

6 tizbic2 the Ruffian (level 1, 0/22 HPs)
             Began as an Ogre Gladiator on July 10, 2022.
             Was a Plaything of Xom.
             Slain by a quokka (1 damage)
             ... on level 1 of the Dungeon.
             The game lasted 00:01:18 (477 turns).

tizbic2 the Ruffian (Ogre Gladiator)                 Turns: 477, Time: 00:01:19

Health: 0/22       AC:  4    Str: 17    XL:     1   Next: 90%
Magic:  1/1        EV: 10    Int:  9    God:    Xom [..*...]
Gold:   0          SH:  0    Dex: 10    Spells: 0/0 levels left

rFire   . . .      SeeInvis .     - Unarmed
rCold   . . .      Faith    .   (no shield)
rNeg    . . .      Spirit   .   a - +0 robe
rPois   .          Reflect  .   b - +0 hat
rElec   .          Harm     .   d - +0 cloak
rCorr   .          Rampage  .   (gloves unavailable)
Will    .....                   (boots unavailable)
Stlth   +.........              (no amulet)
HPRegen 0.07/turn               (no ring)
MPRegen 0.07/turn               (no ring)

@: no status effects
A: large, unfitting armour, tough skin 1
a: Renounce Religion


You were on level 1 of the Dungeon.
You worshipped Xom.
You were a toy of Xom.
You visited 1 branch of the dungeon, and saw 1 of its levels.

Inventory:

Missiles
 c - 3 throwing nets (quivered)
 f - 18 stones
Armour
 a - a +0 robe (worn)
 b - a +0 hat (worn)
 d - a +0 cloak (worn)
Potions
 e - 2 potions of degeneration {unknown}
 g - a potion of lignification {unknown}


   Skills:
 + Level 2.9 Fighting
 + Level 2.1 Throwing
 - Level 2.6 Dodging
 * Level 2.9 Unarmed Combat


You couldn't memorise any spells.
You didn't know any spells.
Your spell library was empty.

Dungeon Overview and Level Annotations

Branches:
Dungeon (1/15)

Altars:
Xom


Innate Abilities, Weirdness & Mutations

You are too large for most types of armour.
You have tough skin. (AC +1)


Message History

You closely miss the gnoll. The gnoll hits you with a +0 whip.
* * * LOW HITPOINT WARNING * * *
A shower of butterflies erupts from you!
Your surroundings suddenly seem different.
You start resting.
A quokka comes into view.
Found a cloak.
Found a stone staircase leading down.
You see here a +0 cloak.
d - a +0 cloak
There is a stone staircase leading down here.
You start resting. "Let's try an experiment, hmmm?"
You do an impromptu tapdance.
You start resting.
A quokka is nearby!
A quokka is nearby!
You start putting on your armour.
You continue putting on your +0 cloak. x3
The quokka bites you.
* * * LOW HITPOINT WARNING * * *
You continue putting on your +0 cloak.
The quokka closely misses you.
You finish putting on your +0 cloak.
You hit the quokka but do no damage. The quokka barely misses you.
The quokka bites you but does no damage.
You hit the quokka.
The quokka is moderately wounded.
The quokka bites you but does no damage.
You closely miss the quokka.
The quokka is moderately wounded.
The quokka bites you.
* * * LOW HITPOINT WARNING * * *
You barely miss the quokka.
The quokka is moderately wounded.
The quokka barely misses you.
You barely miss the quokka.
The quokka is moderately wounded.
The quokka bites you.
You die...
Xom yawns loudly!

## ####.#
########...#
#.@r......## .
#.#####....#..# #.
#.......# #.
#r.###..# ##.#
#..###..#
#...####.......#
###.#.....########
#.......#.#
#.##.##.#.#


You could see a quokka.

Vanquished Creatures
  An endoplasm (D:1)
  2 goblins (D:1)
  2 ball pythons (D:1)
  A rat (D:1)
6 creatures vanquished.

Notes
Turn   | Place    | Note
-------+----------+-------------------------------------------
     0 | D:1      | tizbic2 the Ogre Gladiator began the quest for the Orb.
     0 | D:1      | Reached XP level 1. HP: 22/22 MP: 1/1
    83 | D:1      | Found a faded altar of an unknown god.
   363 | D:1      | Prayed at the altar of an unknown god.
   363 | D:1      | Became a worshipper of Xom of Chaos
   399 | D:1      | XOM: butterfly on damage
   429 | D:1      | XOM: silly message
   475 | D:1      | HP: 1/22 [quokka (4)]
   477 | D:1      | Slain by a quokka

Illustrated notes

Levels and vault maps discovered:
D:1:      nicolae_arrival_washed_ashore, layout_loops_cross,
          ebering_ecumenical_altar_mist

Action                   || total
-------------------------++-------
Melee: Unarmed           ||    28
Throw: Throwing net      ||     2
  Use: Scroll            ||     1
Armor: Robe              ||     3
Dodge: Dodged            ||    13
